 Dungeon Crawl Stone Soup version 0.27-a0-323-gbd089401bb (webtiles) character file.

Game seed: 8253122314912791296

72 dickylongcocking the Stinger (level 4, -4/30 HPs)
             Began as a Merfolk Venom Mage on Feb 11, 2021.
             Killed by divine providence
             ... invoked by an orc priest
              (15 damage)
             ... on level 4 of the Dungeon.
             The game lasted 00:01:47 (3348 turns).

dickylongcocking the Stinger (Merfolk Venom Mage)   Turns: 3348, Time: 00:01:48

Health: -4/30      AC:  3    Str:  7 (8)  XL:     4   Next: 26%
Magic:  7/7        EV: 13    Int: 12 (15) God:
Gold:   145        SH:  0    Dex: 11 (14) Spells: 3/7 levels left

rFire    . . .     SeeInvis .   g - +0 trident
rCold    . . .     Faith    .   (no shield)
rNeg     . . .     Spirit   .   a - +0 robe
rPois    .         Reflect  .   (no helmet)
rElec    .         Harm     .   (no cloak)
rCorr    .         Rampage  .   m - +0 pair of gloves
Will     .....                  (no boots)
Stlth    ++........             (no amulet)
HPRegen  0.10/turn              (no ring)
MPRegen  0.10/turn              (no ring)

@: mighty, brilliant, attractive, flying, invisible
A: change form in water, swift swim, stealthy swim
a: no special abilities


You were on level 4 of the Dungeon.
You visited 1 branch of the dungeon, and saw 4 of its levels.

You collected 145 gold pieces.

Inventory:

Hand Weapons
 g - a +0 trident (weapon)
Armour
 a - a +0 robe (worn)
 m - a +0 pair of gloves (worn)
Scrolls
 d - 2 scrolls of identify {unknown}
 e - 3 scrolls of amnesia {unknown}
 f - a scroll of enchant weapon {unknown}
 h - a scroll of teleportation {unknown}
 j - a scroll of immolation {unknown}
 k - a scroll of fog {unknown}
Potions
 b - a potion of degeneration
 i - a potion of attraction
 p - a potion of berserk rage {unknown}


   Skills:
 * Level 0.1 Fighting
 * Level 1.8 Polearms
 - Level 3.1 Dodging
 - Level 2.5 Stealth
 * Level 2.4 Spellcasting
 * Level 1.9 Transmutations
 * Level 4.2 Poison Magic


You had 3 spell levels left.
You knew the following spells:

 Your Spells              Type           Power        Failure   Level
a - Sting                 Tmut/Pois      52%          8%          1
b - Ignite Poison         Fire/Tmut/Pois 9%           32%         3

Your spell library contained the following spells:

 Spells                   Type           Power        Failure   Level
 Poisonous Vapours        Pois/Air       18%          17%         2
 Mephitic Cloud           Conj/Pois/Air  7%           41%         3
 Olgreb's Toxic Radiance  Pois           17%          41%         4


Dungeon Overview and Level Annotations

Branches:
Dungeon (4/15)
 Temple: D:4-7

Altars:
Elyvilon
Uskayaw
Vehumet
The Shining One


Message History

An orc comes into view. It is wielding a +0 dagger.
The orc priest calls down the wrath of Beogh upon you.
Beogh smites you!
You closely miss the orc. The frilled lizard bites you.
The orc hits you with a +0 mace. The frilled lizard closely misses you.
The orc priest looks satisfied for a moment.
You barely miss the frilled lizard.
The frilled lizard completely misses you.
The orc barely misses you.
The orc priest looks satisfied for a moment.
You are too injured to fight recklessly!
Unknown command.
It was a potion of degeneration.
There was something very wrong with that liquid.
You feel weakened.
You feel dopey.
You feel clumsy. The frilled lizard barely misses you.
It was a potion of flight.
You feel very buoyant.
You fly up into the air.
The frilled lizard bites you but does no damage.
The orc barely misses you.
Unknown command.
It was a potion of attraction.
You feel attractive to monsters. The frilled lizard bites you.
It was a potion of brilliance.
You feel clever all of a sudden. The frilled lizard barely misses you.
It was a potion of might.
You feel very mighty all of a sudden.
The frilled lizard bites you but does no damage.
You miss the frilled lizard. The frilled lizard bites you.
Unknown command.
It was a potion of invisibility.
You fade into invisibility!
The frilled lizard closely misses you.
The orc priest calls down the wrath of Beogh upon you.
Beogh smites you!
Ouch! That really hurt!
You die...

####### #......## .......
#.......##. ...#...##
###........... ....?...#
#..............
.#._.#..###.......#.##...
.......o.o...####...# #.
#....oog!## #.###
.......##l### #.# #######
#@# .. #.# # #.. ####


You could see an orc priest, 3 orcs, a goblin and a frilled lizard.

Vanquished Creatures
  3 adders
  An ooze (D:2)
  2 worms (D:3)
  3 leopard geckos
  3 orcs (D:3)
  4 goblins
  2 hobgoblins
  2 jackals (D:3)
  2 kobolds (D:2)
  A quokka (D:2)
  3 bats
  A frilled lizard (D:1)
  4 rats
31 creatures vanquished.

Notes
Turn   | Place    | Note
-------+----------+-------------------------------------------
     0 | D:1      | dickylongcocking the Merfolk Venom Mage began the quest for
                  | the Orb.
     0 | D:1      | Reached XP level 1. HP: 13/13 MP: 3/3
   697 | D:1      | Reached XP level 2. HP: 19/19 MP: 3/5
  1287 | D:2      | Reached XP level 3. HP: 23/24 MP: 6/6
  1324 | D:2      | Noticed a +0 dagger
  1324 | D:2      | Noticed a +3 dagger
  1329 | D:2      | Found a hide-covered altar of Uskayaw.
  1479 | D:2      | Reached skill level 4 in Poison Magic
  1701 | D:3      | Learned a level 3 spell: Ignite Poison
  1979 | D:3      | Reached skill level 1 in Polearms
  2435 | D:3      | Reached XP level 4. HP: 13/30 MP: 7/7
  2815 | D:3      | Found a glowing golden altar of the Shining One.
  2815 | D:3      | Found a white marble altar of Elyvilon.
  3333 | D:4      | Found a radiant altar of Vehumet.
  3348 | D:4      | Killed from afar by an orc priest

Illustrated notes

Levels and vault maps discovered:
D:1:      dpeg_arrival_concentric_ovals, layout_basic
D:2:      minmay_evil_eye, layout_basic, dancing_weapons_uskayaw
D:3:      layout_loops_cross, chequers_temple_overflow_statue_of_worship,
          serial_co_window_serial, co_window_paths_a, co_window_corner_a,
          co_window_cross_1, co_window_corner_a, co_window_of_opportunity_a,
          co_window_corner_b, co_window_corner_b, co_window_corner_cb,
          co_window_corner_ca, co_window_broadway_b, co_window_4corner_b,
          co_window_paths_e, glass_columns_a, glass_columns_a
D:4:      layout_rooms, grunt_qazlal_clouds, vehumet_altar_wand_db,
          lemuel_another_geyser

Skill      XL: |  1  2  3 |
---------------+----------+-----
Dodging        | 3 |  3.1
Poison Magic   | 4 |  4.2
Polearms       | 1 |  1.8
Fighting       | |  0.1
Stealth        | |  2.5
Spellcasting   | |  2.4
Transmutations | |  1.9

Action                   |  1- 3 |  4- 6 || total
-------------------------+-------+-------++-------
Melee: Unarmed           |     2 |       ||     2
       Trident           |    58 |    18 ||    76
 Cast: Sting             |    23 |     2 ||    25
       Ignite Poison     |     1 |     1 ||     2
  Use: Potion            |       |     6 ||     6
 Stab: Sleeping          |     3 |       ||     3
Armor: Robe              |    12 |     6 ||    18
Dodge: Dodged            |    46 |    24 ||    70

Table legend: (Time is in decaauts)
 A = Elapsed time spent in this place.
 B = Non-inter-level travel time spent in this place.
 C = Inter-level travel time spent in this place.
 D = Time resting spent in this place.
 E = Time spent auto-exploring this place.
 F = Levels seen in this place.
 G = Mean time per level.
                   A        B        C        D        E       F      G
               +--------+--------+--------+--------+--------+-----+--------+
         Total |   3366 |   3284 |     82 |    491 |   2476 |   4 |  841.5 |
       Dungeon |   3366 |   3284 |     82 |    491 |   2476 |   4 |  841.5 |
               +--------+--------+--------+--------+--------+-----+--------+

Top non-repeatable levels by time:
     D:3: 1655 daAuts
     D:1: 1043 daAuts
     D:2: 638 daAuts
     D:4: 29 daAuts
